Map: [ESL] Goldenaura

Players

Lambo - Winner!

  • Race: Zerg Zerg
  • Spawn Location: 12:00

Elazer

  • Race: Zerg Zerg
  • Spawn Location: 5:00

Event: ESL SC2 Masters 2023 Winter (Regional)

VOD

Have the link to the VOD?

Description

Time

  • Played on: Nov. 9, 2023, 8:55 a.m.
  • Length: 9:26

All games in this series

Show
View Real Time Build Order
Export as new Build Order

Lambo Zerg - Winner!

Build Orders: Hatch First 

Get SALT Encoding   

  12  0:00  Drone  
  13  0:13  Overlord  
  13  0:16  Drone  
  14  0:31  Drone x2  
  16  0:47  Hatchery  
  15  0:51  Drone  
  15  0:54  Drone  
  17  0:58  Drone  
  18  1:08  Extractor  
  17  1:13  Spawning Pool  
  17  1:16  Drone  
  17  1:20  Drone  
  18  1:28  Drone  
  19  1:39  Drone  
  20  1:50  Drone  
  21  1:59  Queen x2  
  21  2:00  Zergling x2, Overlord  
  26  2:09  Metabolic Boost  
  26  2:10  Drone  
  26  2:11  Drone  
  28  2:20  Drone  
  28  2:22  Drone  
  30  2:32  Drone  
  30  2:36  Hatchery  
  30  2:39  Zergling x2  
  30  2:42  Drone  
  32  2:46  Baneling Nest  
  32  2:49  Overlord  
  31  2:53  Drone  
  31  2:54  Drone  
  33  3:04  Drone  
  34  3:10  Drone x3  
  34  3:11  Zergling x2, Drone  
  34  3:12  Zergling x2  
  40  3:19  Overlord  
  40  3:22  Queen  
  40  3:26  Drone x2  
  43  3:30  Baneling  
  43  3:37  Evolution Chamber  
  42  3:41  Zergling x2  
  42  3:43  Drone x5  
  42  3:44  Drone x2  
  42  3:47  Overlord  
  50  3:49  Extractor, Drone  
  50  3:52  Drone  
  50  3:54  Drone  
  52  4:00  Roach Warren  
  52  4:02  Drone x2  
  52  4:04  Zerg Missile Weapons Level 1  
  52  4:09  Drone  
  53  4:12  Overlord  
  53  4:14  Drone x3  
  53  4:16  Drone  
  57  4:19  Drone x2  
  57  4:23  Lair  
  58  4:26  Extractor  
  58  4:30  Drone x4  
  61  4:35  Drone x2  
  63  4:38  Drone  
  63  4:40  Extractor  
  63  4:43  Drone, Overlord  
  64  4:48  Pneumatized Carapace  
  64  4:49  Overlord  
  64  4:51  Drone x5  
  69  4:53  Drone x2  
  69  4:55  Drone x2  
  69  4:59  Drone  
  74  5:00  Overlord  
  74  5:02  Drone  
  74  5:03  Extractor  
  74  5:04  Extractor  
  74  5:05  Overlord  
  73  5:12  Roach x2  
  77  5:17  Drone x2  
  77  5:19  Hatchery  
  77  5:20  Overlord  
  78  5:21  Glial Reconstitution  
  78  5:22  Overseer  
  78  5:25  Overlord  
  78  5:28  Roach  
  80  5:30  Drone x2  
  80  5:34  Roach x2  
  80  5:35  Evolution Chamber  
  85  5:37  Baneling x4  
  85  5:39  Roach  
  85  5:42  Roach x2  
  91  5:49  Roach x7  
  105  5:50  Ravager  
  105  5:52  Ravager  
  105  5:54  Roach x3  
  113  6:00  Roach  
  113  6:01  Roach x3  
  119  6:12  Overlord  
  119  6:15  Drone x2  
  119  6:17  Hatchery  
  119  6:18  Roach  
  122  6:21  Overlord  
  122  6:24  Zerg Missile Weapons Level 2  
  122  6:25  Zerg Ground Armor Level 1  
  122  6:26  Overlord  
  122  6:29  Overlord  
  122  6:30  Overlord  
  122  6:35  Roach x3  
  122  6:38  Overlord  
  128  6:46  Roach x6  
  135  6:50  Roach x2  
  139  6:54  Roach  
  139  6:55  Roach  
  139  6:57  Centrifugal Hooks  
  139  6:58  Ravager  
  139  7:00  Overlord  
  144  7:05  Roach x5  
  144  7:06  Ravager  
  155  7:08  Overlord  
  155  7:09  Ravager  
  155  7:10  Roach  
  155  7:13  Overlord  
  158  7:19  Roach x4  
  166  7:23  Overlord  
  166  7:25  Roach x2  
  166  7:28  Overlord  
  170  7:30  Roach  
  170  7:33  Roach x3  
  178  7:38  Zergling x12  
  178  7:41  Zergling x6  
  187  7:48  Zergling x4  
  187  7:51  Queen  
  192  7:54  Zergling x4  
  192  7:57  Zergling x2  
  194  7:59  Zergling x2  
  194  8:03  Zergling x10  
  194  8:04  Baneling  
  194  8:05  Baneling x16  
  200  8:11  Overlord  
  200  8:14  Baneling x9  
  200  8:22  Baneling x12  
  200  8:30  Overlord  
  200  8:45  Roach x4  
  194  8:48  Roach x3  
  194  8:49  Roach  
  194  8:53  Roach x4  
  197  8:58  Roach x4  
  197  9:00  Roach  
  195  9:03  Roach x2  
Show
View Real Time Build Order
Export as new Build Order

Elazer Zerg 

Build Orders: Hatch First, Roach Hydra 

Get SALT Encoding   

  12  0:00  Drone  
  13  0:12  Overlord  
  13  0:16  Drone  
  14  0:30  Drone x2  
  16  0:48  Hatchery  
  15  0:51  Drone  
  15  0:54  Drone  
  17  0:58  Drone  
  18  1:08  Extractor  
  17  1:13  Spawning Pool  
  17  1:16  Drone  
  17  1:20  Drone  
  18  1:27  Drone  
  19  1:38  Drone  
  20  1:49  Drone  
  21  2:00  Queen x2  
  21  2:01  Zergling x2  
  26  2:02  Overlord  
  26  2:08  Metabolic Boost  
  26  2:12  Drone x2  
  28  2:21  Drone x2  
  30  2:32  Zergling x2  
  31  2:37  Hatchery  
  31  2:44  Drone, Overlord  
  31  2:46  Drone  
  32  2:56  Drone x2, Baneling Nest  
  33  3:08  Drone x5  
  38  3:14  Queen  
  38  3:17  Overlord  
  40  3:22  Zergling x2  
  40  3:23  Zergling x2  
  40  3:26  Zergling x4  
  44  3:41  Overlord  
  44  3:42  Drone x7  
  51  3:50  Drone x3  
  51  3:52  Drone  
  55  4:00  Roach Warren  
  54  4:04  Drone x3  
  54  4:06  Lair  
  57  4:10  Extractor  
  57  4:14  Drone x4  
  57  4:16  Overlord  
  60  4:20  Overlord  
  60  4:23  Overlord  
  59  4:36  Overlord  
  59  4:39  Extractor  
  59  4:40  Drone x4  
  59  4:41  Drone  
  59  4:43  Overlord  
  59  4:44  Zergling x2  
  59  4:45  Zergling x2  
  65  4:52  Overlord  
  65  4:55  Drone x7  
  71  5:00  Extractor  
  71  5:02  Extractor, Evolution Chamber  
  71  5:04  Extractor  
  71  5:05  Drone x4, Glial Reconstitution  
  71  5:09  Drone x3  
  74  5:21  Drone x4  
  76  5:22  Drone  
  76  5:23  Roach x3  
  76  5:26  Hatchery  
  76  5:27  Overlord  
  84  5:28  Zerg Missile Weapons Level 1  
  84  5:34  Roach x5  
  94  5:37  Drone, Hydralisk Den  
  94  5:45  Overlord  
  94  5:51  Roach  
  94  5:52  Roach  
  94  5:54  Overlord  
  97  6:03  Overlord  
  95  6:04  Roach x6  
  95  6:05  Roach x4  
  95  6:07  Grooved Spines  
  115  6:13  Hydralisk  
  115  6:17  Hydralisk x2  
  119  6:27  Hydralisk x3  
  125  6:35  Hydralisk x2  
  129  6:45  Ravager  
  119  6:48  Drone x4  
  119  6:52  Drone x3  
  123  6:54  Hydralisk x2  
  123  6:57  Hydralisk x2  
  123  6:58  Roach x2  
  135  7:03  Muscular Augments, Roach  
  135  7:04  Roach x2  
  135  7:08  Roach x3  
  147  7:09  Overlord  
  147  7:10  Overlord x2  
  147  7:12  Roach x2  
  151  7:20  Pneumatized Carapace  
  151  7:21  Overlord x2  
  151  7:22  Overlord  
  151  7:27  Ravager  
  151  7:28  Roach x3  
  158  7:33  Roach x3  
  164  7:39  Roach x2  
  164  7:42  Roach x4  
  176  7:48  Roach x4  
  184  7:55  Roach x4  
  184  7:57  Overlord  
  192  7:59  Overlord  
  192  8:06  Overseer  
  192  8:07  Overseer  
  190  8:30  Roach x7  
  180  8:52  Roach x16  
  175  8:59  Roach  
  147  9:03  Roach x4  
  147  9:07  Roach x7  
Tags
 
Add a new tag
Caveats
  • Supply blocks, unpowered buildings, or Contaminate may cause inaccurate times.
  • Supply counts are checked every 10 seconds.